[Event "DVM U12w 2023"]
[Site "Magdeburg"]
[Date "2023.12.28"]
[Round "4"]
[White "Winkler, Anni"]
[Black "Nehrukumar, Rithika"]
[Result "0-1"]
[WhiteElo "1038"]
[BlackElo "989"]
[PlyCount "100"]
[EventDate "2022.12.27"]
[EventType "team-tourn"]
[EventRounds "7"]
[EventCountry "GER"]
[TimeControl "40/5400+30:1800+30"]
[WhiteClock "0:58:31"]
[BlackClock "1:18:50"]

1. e4 e5 2. Nf3 Nc6 3. Bc4 Bc5 4. c3 Nf6 5. d3 d5 6. exd5 Nxd5 7. Nxe5 Nxe5 8. d4 Bb6 9. dxe5 Be6 10. O-O O-O 11. Qd3 c6 12. Be3 Bc7 13. f4 b5 14. Bb3 Bb6 15. Bxb6 Qxb6+ 16. Qd4 Qxd4+ 17. cxd4 Ne3 18. Rf3 Bxb3 19. axb3 Nc2 20. Ra6 Nb4 21. Ra5 a6 22. Rc3 Rfd8 23. Na3 Rxd4 24. Nc2 Rd1+ 25. Kf2 Rd2+ 26. Ke3 Rxc2 27. Rxc2 Nxc2+ 28. Kd2 Nd4 29. Kd3 Nxb3 30. Ra3 Nc5+ 31. Kd4 Ne6+ 32. Ke3 f5 33. h3 Ra7 34. g4 g6 35. Rc3 c5 36. Rd3 a5 37. Rd6 Kf7 38. h4 b4 39. h5 fxg4 40. hxg6+ hxg6 41. Kf2 a4 42. Kg3 a3 43. bxa3 bxa3 44. Kxg4 a2 45. f5 gxf5+ 46. Kxf5 a1=Q 47. Rxe6 Qf1+ 48. Kg5 Kxe6 49. Kh5 Qg1 50. Kh4 Rh7# {[%emt 0:00:30] normal} 0-1

[Event "DVM U12w 2023"]
[Site "Magdeburg"]
[Date "2023.12.28"]
[Round "4"]
[White "Ulianova, Anna"]
[Black "Daaboul, Dima"]
[Result "0-1"]
[WhiteElo "1036"]
[BlackElo "1184"]
[PlyCount "48"]
[EventDate "2022.12.27"]
[EventType "team-tourn"]
[EventRounds "7"]
[EventCountry "GER"]
[TimeControl "40/5400+30:1800+30"]
[WhiteClock "0:51:53"]
[BlackClock "0:55:34"]

1. e4 d5 2. exd5 Nf6 3. Nf3 Nxd5 4. Bc4 Nf6 5. d4 Bg4 6. c3 e6 7. h3 Bh5 8. Be3 Nc6 9. Nbd2 Bd6 10. O-O O-O 11. Bd3 e5 12. Bb1 Re8 13. Ne4 exd4 14. Nxd6 Qxd6 15. cxd4 Rad8 16. Bg5 h6 17. Bxf6 Qxf6 18. g4 Nxd4 19. Nxd4 Rxd4 20. Qc2 Bg6 21. Qxc7 Bxb1 22. Raxb1 Qh4 23. Rbe1 Rxe1 24. Qc8+ Rd8 {[%emt 0:01:34] normal} 0-1

[Event "DVM U12w 2023"]
[Site "Magdeburg"]
[Date "2023.12.28"]
[Round "4"]
[White "Haas, Valentina"]
[Black "Martin, Helene"]
[Result "1/2-1/2"]
[WhiteElo "1010"]
[BlackElo "989"]
[PlyCount "41"]
[EventDate "2022.12.27"]
[EventType "team-tourn"]
[EventRounds "7"]
[EventCountry "GER"]
[TimeControl "40/5400+30:1800+30"]
[WhiteClock "1:27:35"]
[BlackClock "1:07:50"]

1. d4 Nf6 2. e3 e6 3. Bd3 Be7 4. f4 O-O 5. Nf3 d6 6. O-O b6 7. Qe1 c5 8. Qh4 g6 9. Ng5 Nbd7 10. Rf3 Kg7 11. Rh3 Rh8 12. Qh6+ Kg8 13. Nc3 Qf8 14. Nce4 Qxh6 15. Rxh6 c4 16. Bxc4 d5 17. Nxf6+ Nxf6 18. Bb5 Kg7 19. Rh3 Ne8 20. Bc6 Rb8 21. Bd2 {[%emt 0:02:26] normal} 1/2-1/2

[Event "DVM U12w 2023"]
[Site "Magdeburg"]
[Date "2023.12.28"]
[Round "4"]
[White "Kuhlmann, Naya"]
[Black "Fruth, Julia"]
[Result "0-1"]
[WhiteElo "1005"]
[BlackElo "1296"]
[PlyCount "56"]
[EventDate "2022.12.27"]
[EventType "team-tourn"]
[EventRounds "7"]
[EventCountry "GER"]
[TimeControl "40/5400+30:1800+30"]
[WhiteClock "0:45:54"]
[BlackClock "0:55:29"]

1. e4 c5 2. Nf3 d6 3. d4 cxd4 4. Nxd4 Nf6 5. Nc3 a6 6. Be3 e5 7. Nb3 Be6 8. Bd3 Be7 9. O-O O-O 10. Re1 Nbd7 11. Qe2 Qc7 12. Bg5 Rac8 13. Rac1 Rfd8 14. Bd2 b5 15. a3 Nb6 16. f3 Nc4 17. Bxc4 Bxc4 18. Qf2 Rd7 19. Qg3 Kh8 20. Rcd1 Rcd8 21. Be3 d5 22. Nb1 dxe4 23. Nc3 exf3 24. Qf2 Ng4 25. Qg3 Nxe3 26. Rxe3 Rxd1+ 27. Nxd1 Rxd1+ 28. Kf2 Rf1# {[%emt 0:00:10] normal} 0-1

[Event "DVM U12w 2023"]
[Site "Magdeburg"]
[Date "2023.12.28"]
[Round "4"]
[White "Nikitina, Alisa"]
[Black "Gelbach, Julietta"]
[Result "0-1"]
[WhiteElo "1004"]
[BlackElo "887"]
[PlyCount "78"]
[EventDate "2022.12.27"]
[EventType "team-tourn"]
[EventRounds "7"]
[EventCountry "GER"]
[TimeControl "40/5400+30:1800+30"]
[WhiteClock "0:29:38"]
[BlackClock "1:16:40"]

1. e4 e5 2. Nf3 Nc6 3. Bc4 Nf6 4. Ng5 d5 5. exd5 Nxd5 6. d3 h6 7. Nf3 Bg4 8. h3 Bh5 9. g4 Bg6 10. Be3 Nxe3 11. fxe3 e4 12. Nfd2 exd3 13. cxd3 Qh4+ 14. Ke2 O-O-O 15. Qc2 Nb4 16. Qb3 Bxd3+ 17. Bxd3 Nxd3 18. Nc3 Bb4 19. Qxf7 Nxb2 20. Nd5 Ba5 21. Ne7+ Kb8 22. Qxg7 Rxd2+ 23. Kf3 Rhd8 24. a3 a6 25. Rab1 Qf2+ 26. Ke4 Qg2+ 27. Kf5 Qf3+ 28. Kg6 R8d6+ 29. Kh7 Qe4+ 30. Kg8 Rd7 31. Rxb2 Rxe7 32. Rf1 Rxg7+ 33. Kxg7 Bc3+ 34. Kxh6 Bxb2 35. g5 Qe5 36. g6 Qg7+ 37. Kh5 Bf6 38. h4 Rh2 39. e4 Rxh4# {[%emt 0:00:09] normal} 0-1

[Event "DVM U12w 2023"]
[Site "Magdeburg"]
[Date "2023.12.28"]
[Round "4"]
[White "Wolf, Aurelia"]
[Black "Funke, Luise"]
[Result "0-1"]
[WhiteElo "1001"]
[BlackElo "1018"]
[PlyCount "44"]
[EventDate "2022.12.27"]
[EventType "team-tourn"]
[EventRounds "7"]
[EventCountry "GER"]
[TimeControl "40/5400+30:1800+30"]
[WhiteClock "1:28:47"]
[BlackClock "1:17:14"]

1. e4 e5 2. Nf3 Nc6 3. Bc4 Bc5 4. c3 Nf6 5. d4 exd4 6. cxd4 Bb4+ 7. Nbd2 Bxd2+ 8. Bxd2 d5 9. exd5 Nxd5 10. O-O Bg4 11. Bc3 Qd7 12. Re1+ Nce7 13. Qe2 O-O-O 14. Bxd5 Nxd5 15. Rad1 Rhe8 16. Qd3 Nf4 17. Qxh7 Bxf3 18. gxf3 Nh3+ 19. Kf1 Ng5 20. Qxg7 Qh3+ 21. Kg1 Nxf3+ 22. Kh1 Qxh2# {[%emt 0:00:08] normal} 0-1

[Event "DVM U12w 2023"]
[Site "Magdeburg"]
[Date "2023.12.28"]
[Round "4"]
[White "Yamshchikova, Oleksandra"]
[Black "Slowik, Anna"]
[Result "1-0"]
[WhiteElo "956"]
[BlackElo "842"]
[PlyCount "88"]
[EventDate "2022.12.27"]
[EventType "team-tourn"]
[EventRounds "7"]
[EventCountry "GER"]
[TimeControl "40/5400+30:1800+30"]
[WhiteClock "1:26:06"]
[BlackClock "1:17:26"]

1. e4 e5 2. Nf3 Nc6 3. Bc4 Nf6 4. d3 Bc5 5. Be3 d6 6. Bxc5 dxc5 7. Nc3 O-O 8. O-O Bg4 9. h3 Bh5 10. Qe2 Nd4 11. Qe3 Nxc2 12. Qxc5 Nxa1 13. Rxa1 Bxf3 14. gxf3 Qd7 15. Kg2 Nh5 16. Qxe5 g6 17. Nd5 c6 18. Ne7+ Qxe7 19. Qxe7 Nf4+ 20. Kg3 Nh5+ 21. Kg4 Rae8 22. Bxf7+ Rxf7 23. Qxe8+ Kg7 24. Qe5+ Nf6+ 25. Kg3 Kh6 26. Qe6 Nh5+ 27. Kh2 Rxf3 28. Kg2 Nf4+ 29. Kxf3 Nxe6 30. Rd1 Kg5 31. d4 c5 32. d5 Nd8 33. d6 Kf6 34. d7 Ke6 35. Rd5 c4 36. Ke3 b5 37. Kd4 Nc6+ 38. Kc5 Nd8 39. Kxb5 Ke7 40. Kxc4 Nc6 41. a3 Kd8 42. e5 h5 43. e6 Ne7 44. Kc5 Nf5 {[%emt 0:01:33] normal} 1-0

[Event "DVM U12w 2023"]
[Site "Magdeburg"]
[Date "2023.12.28"]
[Round "4"]
[White "Rempel, Katharina"]
[Black "Bykov, Sophia"]
[Result "1-0"]
[WhiteElo "867"]
[BlackElo "914"]
[PlyCount "63"]
[EventDate "2022.12.27"]
[EventType "team-tourn"]
[EventRounds "7"]
[EventCountry "GER"]
[TimeControl "40/5400+30:1800+30"]

1. d4 d5 2. Nc3 Nf6 3. Bf4 e6 4. f3 Bb4 5. e3 O-O 6. g4 Nbd7 7. h4 h5 8. g5 Nh7 9. Bd3 g6 10. Nge2 Nb6 11. Be5 f6 12. Bf4 fxg5 13. hxg5 Nxg5 14. Bxg6 Nxf3+ 15. Kf1 Nc4 16. Qd3 Nxb2 17. Qb5 a5 18. Rb1 Bd7 19. Qxb7 Nc4 20. Rxh5 Ncd2+ 21. Kf2 Be8 22. Bh7+ Kh8 23. Rh6 Ng5 24. Rbh1 Rf7 25. Bg6+ Nh7 26. Bxh7 c5 27. dxc5 Rxb7 28. Be5+ Rg7 29. Rg1 Raa7 30. Nf4 Raf7 31. Ke2 Bxc3 32. Ng6# {[%emt 0:04:21] normal} 1-0

[Event "DVM U12w 2023"]
[Site "Magdeburg"]
[Date "2023.12.28"]
[Round "4"]
[White "Satheesh, Yazhini"]
[Black "Berger, Jennifer"]
[Result "0-1"]
[WhiteElo "859"]
[BlackElo "1210"]
[PlyCount "96"]
[EventDate "2022.12.27"]
[EventType "team-tourn"]
[EventRounds "7"]
[EventCountry "GER"]
[TimeControl "40/5400+30:1800+30"]
[WhiteClock "1:21:56"]
[BlackClock "1:27:50"]

1. e4 e5 2. Nf3 Nc6 3. Nc3 Nf6 4. Bb5 Bc5 5. d3 h6 6. Bd2 O-O 7. O-O d6 8. h3 Be6 9. a3 a6 10. Ba4 b5 11. Bb3 Bd7 12. Nd5 Nd4 13. Nxd4 Bxd4 14. Bc3 Bxc3 15. Nxc3 Bc6 16. Nd5 Bb7 17. Qf3 Nxd5 18. Bxd5 Bxd5 19. exd5 Re8 20. c4 Qg5 21. Rfe1 Rac8 22. Qe3 Qxe3 23. Rxe3 c6 24. dxc6 Rxc6 25. cxb5 axb5 26. d4 Rc2 27. Rb1 Rd2 28. dxe5 Rxe5 29. Rxe5 dxe5 30. Kf1 f5 31. Ke1 Rc2 32. g4 f4 33. f3 Kf7 34. h4 Kg6 35. h5+ Kg5 36. Kf1 Kh4 37. Kg1 Kg3 38. Rf1 Rxb2 39. Kh1 Rf2 40. Rxf2 Kxf2 41. Kh2 Kxf3 42. Kh3 e4 43. Kh2 Kf2 44. Kh1 e3 45. Kh2 e2 46. Kh3 e1=Q 47. Kh2 Qg1+ 48. Kh3 Qh1# {[%emt 0:00:11] normal} 0-1

[Event "DVM U12w 2023"]
[Site "Magdeburg"]
[Date "2023.12.28"]
[Round "4"]
[White "Gelbach, Amelia"]
[Black "Trush, Diana"]
[Result "0-1"]
[WhiteElo "841"]
[BlackElo "980"]
[PlyCount "30"]
[EventDate "2022.12.27"]
[EventType "team-tourn"]
[EventRounds "7"]
[EventCountry "GER"]
[TimeControl "40/5400+30:1800+30"]
[WhiteClock "1:26:44"]
[BlackClock "1:18:33"]

1. e4 e5 2. Nf3 Nc6 3. Bc4 Be7 4. d4 exd4 5. Nxd4 Nf6 6. Nc3 O-O 7. O-O Nxe4 8. Nxe4 d5 9. Nxc6 bxc6 10. Re1 Be6 11. Ng5 dxc4 12. Nxe6 fxe6 13. Qxd8 Raxd8 14. Rxe6 Rd1+ 15. Re1 Rxe1# {[%emt 0:00:03] normal} 0-1

[Event "DVM U12w 2023"]
[Site "Magdeburg"]
[Date "2023.12.28"]
[Round "4"]
[White "He, Siqi"]
[Black "Sauermann, Paula"]
[Result "1-0"]
[WhiteElo "812"]
[BlackElo "754"]
[PlyCount "101"]
[EventDate "2022.12.27"]
[EventType "team-tourn"]
[EventRounds "7"]
[EventCountry "GER"]
[TimeControl "40/5400+30:1800+30"]
[WhiteClock "1:35:15"]
[BlackClock "0:52:28"]

1. e4 e5 2. Nf3 Nc6 3. Bc4 Bc5 4. O-O d6 5. h3 Bd7 6. Ng5 Qxg5 7. d4 Qg6 8. dxc5 Bxh3 9. Qf3 Qxg2+ 10. Qxg2 Bxg2 11. Kxg2 dxc5 12. Nc3 Nf6 13. Nb5 Kd8 14. Rd1+ Kc8 15. Bxf7 Nxe4 16. Be6+ Kb8 17. Rd7 Rc8 18. Rxg7 Re8 19. Bf5 Ne7 20. Bxe4 Rg8 21. Rxg8+ Nxg8 22. Bxh7 Nf6 23. f4 exf4 24. Bxf4 Nxh7 25. Nxc7 a5 26. Nxa8+ Kxa8 27. Rh1 Nf6 28. Rh8+ Ka7 29. Be5 Nd7 30. Rh5 b6 31. c4 Ka6 32. Bc3 b5 33. cxb5+ Kxb5 34. a3 a4 35. b4 Kc4 36. bxc5 Nxc5 37. Bf6 Ne4 38. Be7 Nd2 39. Rh4+ Kb3 40. Rd4 Nc4 41. Rd3+ Ka2 42. Kf2 Nxa3 43. Bxa3 Kb1 44. Rd4 Ka2 45. Rxa4 Kb1 46. Bc1 Kxc1 47. Ra2 Kb1 48. Re2 Kc1 49. Ke3 Kd1 50. Rh2 Ke1 51. Rh1# {[%emt 0:01:06] normal} 1-0

[Event "DVM U12w 2023"]
[Site "Magdeburg"]
[Date "2023.12.28"]
[Round "4"]
[White "Fissler, Lieselotte"]
[Black "Grey, Paula"]
[Result "0-1"]
[WhiteElo "786"]
[BlackElo "1008"]
[PlyCount "146"]
[EventDate "2022.12.27"]
[EventType "team-tourn"]
[EventRounds "7"]
[EventCountry "GER"]
[TimeControl "40/5400+30:1800+30"]

1. e4 e5 2. Nf3 Nc6 3. Bc4 Bc5 4. d3 Nf6 5. Nc3 h6 6. Be3 Bb6 7. Qd2 d6 8. h3 Be6 9. Bb3 O-O 10. O-O-O Re8 11. g4 Bxe3 12. Qxe3 Nh7 13. Rdg1 f6 14. h4 a5 15. g5 h5 16. gxf6 Qxf6 17. Ng5 Qh6 18. Bxe6+ Rxe6 19. Nxe6 Qxe6 20. Rg2 Kh8 21. Rhg1 Rg8 22. Rg6 Qf7 23. Nd5 Nb4 24. Nxb4 axb4 25. b3 Qf4 26. Qxf4 exf4 27. f3 Nf8 28. R6g5 g6 29. d4 Kh7 30. Kb2 Ne6 31. Rd5 Rd8 32. e5 Kg7 33. exd6 cxd6 34. Re1 Kf6 35. Rb5 Nxd4 36. Rxb7 Nxf3 37. Rf1 Nxh4 38. Rxf4+ Kg5 39. Rbxb4 Ng2 40. Rf2 Ne3 41. Rb5+ d5 42. Re2 Kf4 43. Kc1 h4 44. Rb7 Rh8 45. Rf7+ Ke4 46. Re7+ Kf4 47. R7xe3 g5 48. Kd2 h3 49. Rh2 g4 50. Rf2+ Kg5 51. Rg3 h2 52. Rxh2 Rxh2+ 53. Ke3 Rxc2 54. Kd3 Rxa2 55. Kd4 Ra5 56. b4 Ra4 57. Kc5 Kf4 58. Rg1 Kf3 59. b5 g3 60. b6 Re4 61. b7 Re8 62. Kc6 Kf2 63. Kxd5 Kxg1 64. Kc6 Kf2 65. Kc7 g2 66. b8=Q Rxb8 67. Kxb8 g1=Q 68. Ka8 Qg7 69. Kb8 Ke3 70. Ka8 Ke4 71. Kb8 Kd5 72. Ka8 Kc6 73. Kb8 Qb7# {[%emt 0:00:00] normal} 0-1

[Event "DVM U12w 2023"]
[Site "Magdeburg"]
[Date "2023.12.28"]
[Round "4"]
[White "Strahl, Nele"]
[Black "Goy, Isabella"]
[Result "0-1"]
[WhiteElo "783"]
[BlackElo "880"]
[PlyCount "58"]
[EventDate "2022.12.27"]
[EventType "team-tourn"]
[EventRounds "7"]
[EventCountry "GER"]
[TimeControl "40/5400+30:1800+30"]
[WhiteClock "1:15:47"]
[BlackClock "1:27:13"]

1. e4 e5 2. Nf3 Nc6 3. Bc4 Nf6 4. Nc3 Bc5 5. d3 Na5 6. Nxe5 Nxc4 7. Nxc4 Bb4 8. O-O Bxc3 9. bxc3 d6 10. Re1 O-O 11. Bg5 Be6 12. d4 Bxc4 13. e5 dxe5 14. dxe5 Qxd1 15. Rexd1 Ne4 16. Re1 Nxg5 17. Re3 Rfe8 18. Rb1 b6 19. Rb2 f6 20. Rg3 Rxe5 21. f4 Re1+ 22. Kf2 Rf1+ 23. Ke3 Ne6 24. h3 Nxf4 25. Rg4 Re8+ 26. Kd4 Be2 27. Rh4 g5 28. Rh6 Kg7 29. Rxf6 Rd1# {[%emt 0:00:23] normal} 0-1

[Event "DVM U12w 2023"]
[Site "Magdeburg"]
[Date "2023.12.28"]
[Round "4"]
[White "Özdemir, Anna Valentina"]
[Black "Piffczyk, Sandra"]
[Result "1/2-1/2"]
[WhiteElo "693"]
[BlackElo "1105"]
[PlyCount "40"]
[EventDate "2022.12.27"]
[EventType "team-tourn"]
[EventRounds "7"]
[EventCountry "GER"]
[TimeControl "40/5400+30:1800+30"]
[WhiteClock "1:23:12"]
[BlackClock "0:57:30"]

1. e4 e5 2. Nf3 Nc6 3. d4 exd4 4. Bc4 Be7 5. c3 d6 6. cxd4 Bg4 7. d5 Ne5 8. Qd4 Bxf3 9. Bb5+ Kf8 10. O-O Bh5 11. Bd2 Bf6 12. Qe3 Ng4 13. Qh3 Bxb2 14. Qxh5 Nxh2 15. Qxh2 Bxa1 16. Nc3 Bxc3 17. Bxc3 Qg5 18. f4 Qh6 19. Qg3 Nf6 20. e5 Ne4 {[%emt 0:06:34] normal} 1/2-1/2

[Event "DVM U12w 2023"]
[Site "Magdeburg"]
[Date "2023.12.29"]
[Round "5"]
[White "John, Linnea"]
[Black "Rafikova, Ailin"]
[Result "1-0"]
[WhiteElo "1393"]
[BlackElo "1399"]
[PlyCount "131"]
[EventDate "2022.12.27"]
[EventType "team-tourn"]
[EventRounds "7"]
[EventCountry "GER"]
[TimeControl "40/5400+30:1800+30"]
[WhiteClock "1:07:26"]
[BlackClock "0:25:47"]

1. e4 c6 2. d4 d5 3. exd5 cxd5 4. Bd3 Nc6 5. c3 Qc7 6. h3 Nf6 7. Nf3 g6 8. O-O Bf5 9. Re1 Bxd3 10. Qxd3 h6 11. Ne5 Nd7 12. Bf4 Ndxe5 13. dxe5 e6 14. Na3 a6 15. Nc2 Bg7 16. Qe3 Na5 17. Na3 Rc8 18. Rad1 b5 19. b3 Qxc3 20. Qxc3 Rxc3 21. Bd2 Rd3 22. Bxa5 Rxd1 23. Rxd1 Bxe5 24. Rc1 Kd7 25. Nb1 Rb8 26. Bd2 h5 27. b4 Kd6 28. Be3 Kd7 29. Nd2 d4 30. Nf3 Bd6 31. Bxd4 Bxb4 32. Ne5+ Ke8 33. Rc7 Bd6 34. Rxf7 Rd8 35. Rg7 Bf8 36. Rxg6 Rxd4 37. Rxe6+ Be7 38. Rxe7+ Kxe7 39. Nc6+ Kd6 40. Nxd4 Kc5 41. Nb3+ Kb4 42. f4 Kc4 43. g4 hxg4 44. hxg4 Kd5 45. g5 Ke6 46. Kf2 Kd5 47. f5 Ke5 48. g6 Kf6 49. Ke3 Kg7 50. Kd4 Kf6 51. Kc5 Kg7 52. Kb6 b4 53. Kxa6 Kf6 54. Kb5 Kg7 55. Kxb4 Kf6 56. a4 Kg7 57. a5 Kf6 58. a6 Ke7 59. a7 Kf6 60. a8=Q Kg7 61. Qb7+ Kf6 62. Qc6+ Kg5 63. g7 Kf4 64. g8=Q Ke3 65. Qg4 Kd3 66. Qc3# {[%emt 0:00:00] normal} 1-0

[Event "DVM U12w 2023"]
[Site "Magdeburg"]
[Date "2023.12.29"]
[Round "5"]
[White "Zhou, Leyi Charlotte"]
[Black "Noennig, Lotte"]
[Result "1-0"]
[WhiteElo "1335"]
[BlackElo "1345"]
[PlyCount "111"]
[EventDate "2022.12.27"]
[EventType "team-tourn"]
[EventRounds "7"]
[EventCountry "GER"]
[TimeControl "40/5400+30:1800+30"]
[WhiteClock "0:11:57"]
[BlackClock "0:15:31"]

1. e4 e5 2. Nf3 Nc6 3. d4 exd4 4. Nxd4 Qf6 5. Be3 Bc5 6. c3 Nge7 7. Bc4 O-O 8. O-O b6 9. f3 Bb7 10. Qd2 Rad8 11. Na3 d5 12. Nxc6 Bxc6 13. Bxc5 dxc4 14. Bxe7 Qxe7 15. Qe2 b5 16. Nc2 Rd7 17. Nd4 Qc5 18. Qf2 Bb7 19. Rad1 Rfd8 20. Rd2 b4 21. Rfd1 a5 22. Kf1 a4 23. Qh4 Rd6 24. Nf5 f6 25. Nxd6 cxd6 26. cxb4 Qxb4 27. Qg3 Qb5 28. Ke1 d5 29. exd5 Re8+ 30. Kf2 Qb6+ 31. Kf1 Ba6 32. Qf2 Qd6 33. Kg1 Rb8 34. Qe3 Bb7 35. Qe6+ Qxe6 36. dxe6 Re8 37. Re1 Bc8 38. Rde2 g5 39. Re4 Ba6 40. f4 Kg7 41. fxg5 fxg5 42. Re5 Re7 43. Rxg5+ Kf6 44. Ra5 Bc8 45. Rxa4 Bxe6 46. Ra6 Kf7 47. Rexe6 Rxe6 48. Rxe6 Kxe6 49. Kf2 Kd5 50. Ke3 Ke5 51. a4 Kd5 52. a5 Kc5 53. a6 Kb6 54. Kd4 Kxa6 55. Kxc4 Kb6 56. Kd5 {[%emt 0:00:03] normal} 1-0

[Event "DVM U12w 2023"]
[Site "Magdeburg"]
[Date "2023.12.29"]
[Round "5"]
[White "Will, Elina"]
[Black "Busch, Lara Sophie"]
[Result "1-0"]
[WhiteElo "1325"]
[BlackElo "1330"]
[PlyCount "103"]
[EventDate "2022.12.27"]
[EventType "team-tourn"]
[EventRounds "7"]
[EventCountry "GER"]
[TimeControl "40/5400+30:1800+30"]
[WhiteClock "1:45:34"]
[BlackClock "1:13:48"]

1. e4 e5 2. Nf3 Nc6 3. d4 exd4 4. Nxd4 Nf6 5. Nc3 Bb4 6. Nxc6 bxc6 7. Bd3 Bxc3+ 8. bxc3 O-O 9. O-O Re8 10. Qf3 d5 11. exd5 Bg4 12. Qg3 cxd5 13. h3 Bh5 14. Bh6 Bg6 15. Bxg6 fxg6 16. Bg5 Ne4 17. Bxd8 Nxg3 18. fxg3 Raxd8 19. Rae1 Rxe1 20. Rxe1 Kf7 21. Kf2 Rd6 22. Rb1 Rc6 23. Rb3 Ke6 24. Ke3 Ke5 25. Ra3 a5 26. Kd3 Rc5 27. Rb3 a4 28. Rb4 Rc4 29. Rxc4 dxc4+ 30. Kxc4 Ke4 31. Kb4 Ke3 32. Kxa4 Kf2 33. Kb5 Kxg2 34. a4 Kxg3 35. a5 Kxh3 36. a6 g5 37. a7 g4 38. a8=Q Kh2 39. Qe4 h5 40. Qf5 g3 41. Qxh5+ Kg1 42. Kc4 g2 43. Kd3 Kf2 44. Qf7+ Kg3 45. Qxc7+ Kf2 46. Qf7+ Kg3 47. Qxg7+ Kf2 48. Qf6+ Kg1 49. Ke2 Kh1 50. Qh4+ Kg1 51. Kf3 Kf1 52. Qf2# {[%emt 0:00:14] normal} 1-0

[Event "DVM U12w 2023"]
[Site "Magdeburg"]
[Date "2023.12.29"]
[Round "5"]
[White "Shynkar, Daria"]
[Black "Hofmeier, Viktoria"]
[Result "1-0"]
[WhiteElo "1316"]
[BlackElo "1408"]
[PlyCount "105"]
[EventDate "2022.12.27"]
[EventType "team-tourn"]
[EventRounds "7"]
[EventCountry "GER"]
[TimeControl "40/5400+30:1800+30"]
[WhiteClock "0:24:51"]
[BlackClock "0:09:37"]

1. d4 d5 2. c4 c6 3. e3 Nf6 4. Nc3 a6 5. Qc2 b5 6. cxd5 cxd5 7. a3 e6 8. Nf3 Bd6 9. Bd3 Nbd7 10. O-O O-O 11. Re1 Bb7 12. Bd2 Rc8 13. Qb1 Nb6 14. b3 Qe7 15. b4 Nc4 16. Bxc4 dxc4 17. e4 Bc7 18. Bg5 Qd7 19. Qc2 Rfe8 20. Rad1 Bb6 21. Ne5 Qc7 22. Nf3 Qd7 23. h3 h6 24. Bh4 a5 25. Qc1 Kh7 26. Ne5 Qe7 27. Qb1 g5 28. Bg3 Ba6 29. Nxf7 Qxf7 30. e5+ Qg6 31. Qxg6+ Kxg6 32. exf6 axb4 33. axb4 Rcd8 34. Be5 Rd7 35. Ra1 Ra7 36. Ra2 Kf7 37. Rea1 Rea8 38. Ne4 Kf8 39. Nd6 Bc7 40. Nxb5 Bxb5 41. Rxa7 Rxa7 42. Rxa7 Bxe5 43. dxe5 Kg8 44. Re7 Kf8 45. Rxe6 c3 46. Re7 c2 47. Rc7 Bd3 48. e6 Bf5 49. e7+ Kf7 50. b5 Bg6 51. b6 Kxf6 52. Rxc2 Bxc2 53. e8=Q {[%emt 0:00:05] normal} 1-0

[Event "DVM U12w 2023"]
[Site "Magdeburg"]
[Date "2023.12.29"]
[Round "5"]
[White "Winkler, Frida"]
[Black "Mersmann, Jasmin"]
[Result "1/2-1/2"]
[WhiteElo "1298"]
[BlackElo "1131"]
[PlyCount "72"]
[EventDate "2022.12.27"]
[EventType "team-tourn"]
[EventRounds "7"]
[EventCountry "GER"]
[TimeControl "40/5400+30:1800+30"]
[WhiteClock "1:14:18"]
[BlackClock "1:18:33"]

1. e4 e5 2. Nf3 Nc6 3. Bc4 Bb4 4. c3 Ba5 5. d4 exd4 6. Nxd4 Ne5 7. Bb3 d6 8. O-O Nf6 9. Bg5 O-O 10. Re1 h6 11. Bh4 Ng6 12. Bg3 Re8 13. Nd2 Bd7 14. Nc4 Bb6 15. e5 dxe5 16. Bxe5 Bg4 17. f3 Be6 18. Nxb6 axb6 19. Nxe6 fxe6 20. Qxd8 Raxd8 21. Bxc7 Rd2 22. Rxe6 Rxe6 23. Bxe6+ Kh7 24. b3 Rd3 25. Bf5 Rxc3 26. Bxg6+ Kxg6 27. Bxb6 Nd5 28. Bf2 Rc2 29. Rd1 Nf6 30. Rd6 Rc1+ 31. Be1 Rxe1+ 32. Kf2 Ra1 33. a4 Ra3 34. Rb6 Kh7 35. Rxb7 Nd5 36. Rb5 Nc3 {[%emt 0:00:30] normal} 1/2-1/2

[Event "DVM U12w 2023"]
[Site "Magdeburg"]
[Date "2023.12.29"]
[Round "5"]
[White "Fruth, Julia"]
[Black "Prasannavenkatesan, Ananya"]
[Result "0-1"]
[WhiteElo "1296"]
[BlackElo "1045"]
[PlyCount "108"]
[EventDate "2022.12.27"]
[EventType "team-tourn"]
[EventRounds "7"]
[EventCountry "GER"]
[TimeControl "40/5400+30:1800+30"]
[WhiteClock "0:54:19"]
[BlackClock "1:20:50"]

1. e4 e5 2. Nf3 Nc6 3. d4 exd4 4. Nxd4 Nf6 5. Nc3 Bb4 6. Nxc6 bxc6 7. Bd3 d5 8. exd5 cxd5 9. O-O h6 10. Re1+ Be6 11. Bb5+ Kf8 12. a3 Ba5 13. b4 Bb6 14. h3 a6 15. Be2 c6 16. Na4 Ba7 17. Bxa6 Ne4 18. Rxe4 dxe4 19. Qe2 Qf6 20. Bb2 Qf4 21. Bb7 Rb8 22. Bxc6 e3 23. fxe3 Bxe3+ 24. Kh1 Qg3 25. Qd3 Bxh3 26. Qd5 Bf4 27. Kg1 Be6 28. Qe4 Be3+ 29. Kh1 Bh3 30. Be5 Bxg2+ 31. Qxg2 Qxe5 32. Re1 Qh5+ 33. Qh2 Qxh2+ 34. Kxh2 Bf4+ 35. Kg2 Rd8 36. b5 Rd2+ 37. Kf3 g5 38. c3 Kg7 39. b6 Rc8 40. Bb5 Kf6 41. b7 Rcd8 42. Nc5 Kf5 43. Rg1 h5 44. Be2 g4+ 45. Kf2 h4 46. Na6 g3+ 47. Ke1 Re8 48. Kf1 Rexe2 49. b8=Q Bxb8 50. Nxb8 g2+ 51. Rxg2 Rxg2 52. a4 h3 53. a5 h2 54. a6 h1=Q# {[%emt 0:00:30] normal} 0-1

[Event "DVM U12w 2023"]
[Site "Magdeburg"]
[Date "2023.12.29"]
[Round "5"]
[White "Leicher, Anna"]
[Black "Satheesh, Yazhini"]
[Result "1-0"]
[WhiteElo "1279"]
[BlackElo "859"]
[PlyCount "89"]
[EventDate "2022.12.27"]
[EventType "team-tourn"]
[EventRounds "7"]
[EventCountry "GER"]
[TimeControl "40/5400+30:1800+30"]
[WhiteClock "0:47:32"]
[BlackClock "0:36:31"]

1. e4 e5 2. Nf3 Nc6 3. d4 d6 4. dxe5 dxe5 5. Qxd8+ Kxd8 6. Bb5 Bd6 7. a3 Nf6 8. Ng5 Be6 9. Nd2 a6 10. Bc4 Kd7 11. Nxf7 Bxf7 12. Bxf7 Nd4 13. Bb3 Nxb3 14. cxb3 Rad8 15. O-O Kc8 16. f3 Bc5+ 17. Kh1 Bd6 18. Nc4 h6 19. Be3 Rhe8 20. Rac1 Kb8 21. Na5 Rd7 22. Rfd1 g5 23. Rc4 Ree7 24. b4 Nh5 25. a4 Re8 26. b5 axb5 27. axb5 Nf4 28. Ra1 c5 29. bxc6 bxc6 30. Nxc6+ Kc7 31. Ra7+ Kc8 32. Nxe5+ Rc7 33. Ra8+ Kb7 34. Rxe8 Bxe5 35. Rb4+ Kc6 36. Rxe5 Nd3 37. Rc4+ Kd6 38. Rd5+ Ke7 39. Rxc7+ Ke6 40. Rc6+ Ke7 41. Rxd3 Ke8 42. Rc7 g4 43. Ra3 Kd8 44. Rh7 Kc8 45. Ra8# {[%emt 0:00:02] normal} 1-0

[Event "DVM U12w 2023"]
[Site "Magdeburg"]
[Date "2023.12.29"]
[Round "5"]
[White "Kuehne, Malin"]
[Black "Werner, Amelie"]
[Result "1-0"]
[WhiteElo "1264"]
[BlackElo "1311"]
[PlyCount "141"]
[EventDate "2022.12.27"]
[EventType "team-tourn"]
[EventRounds "7"]
[EventCountry "GER"]
[TimeControl "40/5400+30:1800+30"]
[WhiteClock "0:25:32"]
[BlackClock "1:47:12"]

1. d4 d5 2. c4 c6 3. Nf3 Nf6 4. e3 Bf5 5. Be2 e6 6. O-O Be7 7. Nbd2 O-O 8. Ne5 Nbd7 9. Ndf3 Qc7 10. Bd2 h6 11. Rc1 Rac8 12. cxd5 exd5 13. Qb3 Qb6 14. Qxb6 Nxb6 15. Ne1 Na4 16. b3 Ba3 17. bxa4 Bxc1 18. Bxc1 Rfe8 19. Bd3 Bxd3 20. N1xd3 Ne4 21. Ba3 Nc3 22. Nb2 Nxa2 23. Nd1 a5 24. Nd3 Nb4 25. Nxb4 axb4 26. Bxb4 Ra8 27. a5 Ra6 28. Nb2 b6 29. axb6 Rxb6 30. Nd3 Reb8 31. Bc5 Rb1 32. h3 R1b3 33. Ne5 f6 34. Nxc6 Re8 35. Ne7+ Kf7 36. Nxd5 Rd8 37. Nf4 g5 38. Nh5 Kg6 39. Ng3 Rd7 40. Ne4 Rd3 41. Nd6 Rb3 42. Ra1 Rd8 43. Ra3 Rb1+ 44. Kh2 Rf1 45. Kg3 Rg1 46. Ra6 h5 47. Ne4 h4+ 48. Kf3 Rb1 49. Rxf6+ Kg7 50. Rf5 Kg6 51. Rxg5+ Kh6 52. Rf5 Rb7 53. Nd6 Rbd7 54. Nf7+ Kg6 55. Nxd8 Kxf5 56. Nc6 Rf7 57. Ne5 Rc7 58. Nd3 Rf7 59. e4+ Ke6+ 60. Ke3 Rg7 61. Nf4+ Kd7 62. d5 Rg8 63. e5 Rc8 64. Kd4 Ra8 65. e6+ Ke8 66. d6 Ra4+ 67. Ke5 Ra1 68. Kf6 Ra4 69. Ng6 Rc4 70. Bb6 Rg4 71. d7# {[%emt 0:00:00] normal} 1-0